NCAA
PENN STATE NITTANY LIONS @ WAKE FOREST DEMON DEACONS
04/16/2030
 
TOP OF THE 1ST
Penn State Nittany Lions batting - Pitching for Wake Forest Demon Deacons : RHP Mark Schroder
Pitching: RHP Mark Schroder
Batting: RHB Jeffrey Ball 0-0: Ball
1-0: Foul Ball, location: 2F
1-1: Called Strike
1-2: SOLO HOME RUN (Flyball, 8LXD), Distance : 387 ft
Batting: RHB Greg Coleman 0-0: Foul Ball, location: 2F
0-1: Ball
1-1: Ball
2-1: Ball
3-1: Called Strike
3-2: Foul Ball, location: 2F
3-2: Strikes out swinging
Batting: RHB Steffen Hansen 0-0: Called Strike
0-1: Swinging Strike
0-2: Ball
1-2: Foul Ball, location: 2F
1-2: Ball
2-2: Strikes out looking
Batting: RHB Lee Cummings 0-0: DOUBLE (Line Drive, 89M)
Batting: LHB Damian West 0-0: Ball
1-0: Ball
2-0: Called Strike
2-1: Foul Ball, location: 2F
2-2: Foul Ball, location: 2F
2-2: Ball
3-2: Base on Balls
Batting: RHB Harlan Hughes 0-0: Called Strike
0-1: Foul Ball, location: 2F
0-2: Ball
1-2: Ball
2-2: Ground out 4-3 (Groundball, 4)
Top of the 1st over - 1 run, 2 hits, 0 errors, 2 left on base; Penn State 1 - Wake Forest 0
BOTTOM OF THE 1ST
Wake Forest Demon Deacons batting - Pitching for Penn State Nittany Lions : LHP Will Hurt
Pitching: LHP Will Hurt
Batting: RHB Tyler Robinson 0-0: Ball
1-0: Swinging Strike
1-1: Called Strike
1-2: Foul Ball, location: 2F
1-2: Ball
2-2: DOUBLE (Flyball, 78D)
Batting: LHB Don Harris 0-0: Ball
1-0: Ball
2-0: Ball
3-0: Base on Balls
Batting: RHB Jack Hogan 0-0: Swinging Strike
0-1: Ball
1-1: Called Strike
Throwing error on steal attempt, E2
Tyler Robinson scores
Don Harris to third
1-2: Ball
2-2: Foul Ball, location: 2F
2-2: Ball
3-2: Strikes out swinging
Batting: RHB Mike Pope 0-0: Foul Ball, location: 2F
0-1: Ball
1-1: Swinging Strike
1-2: Ground out 6-3 (Groundball, 6)
Don Harris scores
Batting: RHB Rob Miller 0-0: Ball
1-0: Ball
2-0: Ball
3-0: Called Strike
3-1: Foul Ball, location: 2F
3-2: Foul Ball, location: 2F
3-2: Foul Ball, location: 2F
3-2: Base on Balls
Batting: RHB Tim Workman 0-0: Ball
1-0: Called Strike
1-1: Ball
2-1: Foul Ball, location: 2F
2-2: Ball
3-2: Foul Ball, location: 2F
3-2: Foul Ball, location: 2F
3-2: Foul Ball, location: 2F
3-2: Base on Balls
Rob Miller to second
Batting: LHB Nick Smith 0-0: Ball
1-0: Called Strike
1-1: Swinging Strike
1-2: Strikes out swinging
Bottom of the 1st over - 2 runs, 1 hit, 1 error, 2 left on base; Penn State 1 - Wake Forest 2
TOP OF THE 2ND
Penn State Nittany Lions batting - Pitching for Wake Forest Demon Deacons : RHP Mark Schroder
Batting: LHB Simon Bush 0-0: Ball
1-0: Ball
2-0: Swinging Strike
2-1: Ball
3-1: Foul Ball, location: 2F
3-2: Strikes out swinging
Batting: RHB Eric Gordon 0-0: Foul Ball, location: 2F
0-1: Foul Ball, location: 2F
0-2: Foul Ball, location: 2F
0-2: Ball
1-2: Ball
2-2: Foul Ball, location: 2F
2-2: Ball
3-2: Foul Ball, location: 2F
3-2: Base on Balls
Batting: RHB Francisco Alvarado 0-0: Called Strike
Eric Gordon is caught stealing 2nd base
0-1: Bunt for hit - play at first, batter OUT! 2-3
Top of the 2nd over - 0 runs, 0 hits, 0 errors, 0 left on base; Penn State 1 - Wake Forest 2
BOTTOM OF THE 2ND
Wake Forest Demon Deacons batting - Pitching for Penn State Nittany Lions : LHP Will Hurt
Batting: RHB Leonard Brown 0-0: Ball
1-0: Ball
2-0: Swinging Strike
2-1: Fly out, F9 (Flyball, 89S)
Batting: RHB William Hudson 0-0: Called Strike
0-1: Fly out, F8 (Flyball, 8RS)
Batting: RHB Tyler Robinson 0-0: Foul Ball, location: 2F
0-1: Swinging Strike
0-2: Ball
1-2: Ball
2-2: Foul Ball, location: 2F
2-2: Ball
3-2: Base on Balls
Batting: LHB Don Harris 0-0: Ground out U3 (Groundball, 3)
Bottom of the 2nd over - 0 runs, 0 hits, 0 errors, 1 left on base; Penn State 1 - Wake Forest 2
TOP OF THE 3RD
Penn State Nittany Lions batting - Pitching for Wake Forest Demon Deacons : RHP Mark Schroder
Batting: RHB Jeffrey Ball 0-0: Ball
1-0: Called Strike
1-1: Called Strike
1-2: Ball
2-2: Ball
3-2: Foul Ball, location: 2F
3-2: SINGLE (Groundball, 4MD)
Batting: RHB Greg Coleman 0-0: Fly out, F8 (Flyball, 78XD)
Batting: RHB Steffen Hansen 0-0: Called Strike
0-1: DOUBLE (Line Drive, 7LS)
Jeffrey Ball to third
Runner from 3rd tries for Home, SAFE, no throw
Batting: RHB Lee Cummings 0-0: Called Strike
0-1: Ball
1-1: Called Strike
1-2: Ground out 6-3 (Groundball, 56D)
Batting: LHB Damian West 0-0: Ball
1-0: Ball
2-0: Foul Ball, location: 2F
2-1: Foul Ball, location: 2F
2-2: Ball
3-2: Foul Ball, location: 2F
3-2: Foul Ball, location: 2F
3-2: Foul Ball, location: 2F
3-2: SINGLE (Groundball, 34D)
Steffen Hansen to third
Steffen Hansen scores
Batting: RHB Harlan Hughes 0-0: Ball
1-0: Ball
2-0: Ball
3-0: Called Strike
3-1: Base on Balls
Damian West to second
Batting: LHB Simon Bush 0-0: Fly out, F7 (Flyball, 7)
Top of the 3rd over - 2 runs, 3 hits, 0 errors, 2 left on base; Penn State 3 - Wake Forest 2
BOTTOM OF THE 3RD
Wake Forest Demon Deacons batting - Pitching for Penn State Nittany Lions : LHP Will Hurt
Batting: RHB Jack Hogan 0-0: Ball
1-0: Ball
2-0: Called Strike
2-1: Ground out 6-3 (Groundball, 6)
Batting: RHB Mike Pope 0-0: Called Strike
0-1: SINGLE (Line Drive, 56)
Batting: RHB Rob Miller 0-0: Called Strike
0-1: Ground out 6-3 (Groundball, 6S)
Mike Pope to second
Batting: RHB Tim Workman 0-0: 2-RUN HOME RUN (Line Drive, 7LD), Distance : 319 ft
Batting: LHB Nick Smith 0-0: Ball
1-0: Foul Ball, location: 2F
1-1: Ball
2-1: Ball
3-1: Called Strike
3-2: Foul Ball, location: 2F
3-2: Ground out 1-3 (Groundball, 13S)
Bottom of the 3rd over - 2 runs, 2 hits, 0 errors, 0 left on base; Penn State 3 - Wake Forest 4
TOP OF THE 4TH
Penn State Nittany Lions batting - Pitching for Wake Forest Demon Deacons : RHP Mark Schroder
Batting: RHB Eric Gordon 0-0: Foul Ball, location: 2F
0-1: Foul Ball, location: 2F
0-2: Ground out 4-3 (Groundball, 4)
Batting: RHB Francisco Alvarado 0-0: Called Strike
0-1: SINGLE (Groundball, 34D)
Pitching: RHP Steve Crowe
Batting: RHB Jeffrey Ball 0-0: Called Strike
0-1: Ball
1-1: Foul Ball, location: 2F
1-2: SINGLE (Groundball, 6) (infield hit)
Francisco Alvarado to second
Batting: RHB Greg Coleman 0-0: Ball
1-0: Foul Ball, location: 2F
1-1: Swinging Strike
1-2: Foul Ball, location: 2F
1-2: Strikes out swinging
Batting: RHB Steffen Hansen 0-0: Ball
1-0: Ball
2-0: Swinging Strike
2-1: Ball
3-1: Base on Balls
Francisco Alvarado to third
Jeffrey Ball to second
Batting: RHB Lee Cummings 0-0: Fly out, F8 (Flyball, 89M)
Top of the 4th over - 0 runs, 2 hits, 0 errors, 3 left on base; Penn State 3 - Wake Forest 4
BOTTOM OF THE 4TH
Wake Forest Demon Deacons batting - Pitching for Penn State Nittany Lions : LHP Will Hurt
Batting: RHB Leonard Brown 0-0: Called Strike
0-1: Ball
1-1: SINGLE (Line Drive, 78S)
Pitching: RHP Britt McQueen
Batting: RHB William Hudson 0-0: Ball
1-0: Called Strike
1-1: Ball
2-1: Swinging Strike
2-2: Strikes out swinging
Batting: RHB Tyler Robinson 0-0: Swinging Strike
0-1: Foul Ball, location: 2F
0-2: Ball
1-2: Foul Ball, location: 2F
1-2: Single, Error in OF, E7, batter to second base
Leonard Brown to third
Batting: LHB Don Harris 0-0: Ball
1-0: SINGLE (Line Drive, 89S)
Leonard Brown scores
Tyler Robinson to third
Runner from 3rd tries for Home, SAFE, no throw
Batting: RHB Jack Hogan 0-0: Ball
1-0: Foul Ball, location: 2F
1-1: Ball
2-1: Swinging Strike
2-2: Foul Ball, location: 2F
2-2: Foul Ball, location: 2F
2-2: Foul Ball, location: 2F
2-2: Ball
3-2: Base on Balls
Don Harris to second
Batting: RHB Mike Pope 0-0: Foul Ball, location: 2F
0-1: 3-RUN HOME RUN (Flyball, 7LD), Distance : 326 ft
Pitching: RHP Bruce Vázquez
Batting: RHB Rob Miller 0-0: Ball
1-0: Ground out U3 (Groundball, 34)
Batting: RHB Tim Workman 0-0: Swinging Strike
0-1: Ball
1-1: Ball
2-1: Ball
3-1: Foul Ball, location: 2F
3-2: Base on Balls
Batting: LHB Nick Smith 0-0: Ball
1-0: Called Strike
1-1: Fly out, F9 (Flyball, 89M)
Bottom of the 4th over - 5 runs, 4 hits, 1 error, 1 left on base; Penn State 3 - Wake Forest 9
TOP OF THE 5TH
Penn State Nittany Lions batting - Pitching for Wake Forest Demon Deacons : RHP Steve Crowe
Batting: LHB Damian West 0-0: Ball
1-0: Ball
2-0: Ball
3-0: Called Strike
3-1: Called Strike
3-2: Base on Balls
Batting: RHB Harlan Hughes 0-0: Fly out, F9 (Flyball, 89D)
Batting: LHB Simon Bush 0-0: Swinging Strike
0-1: Called Strike
0-2: Ball
1-2: Ball
2-2: Ball
3-2: Fielders Choice at 2nd, 6-4 (Groundball, 6)
Batting: RHB Eric Gordon 0-0: Swinging Strike
0-1: Ball
1-1: Ball
2-1: Foul Ball, location: 2F
2-2: Strikes out swinging
Top of the 5th over - 0 runs, 0 hits, 0 errors, 1 left on base; Penn State 3 - Wake Forest 9
BOTTOM OF THE 5TH
Wake Forest Demon Deacons batting - Pitching for Penn State Nittany Lions : RHP Bruce Vázquez
Batting: RHB Leonard Brown 0-0: Ball
1-0: Ball
2-0: Called Strike
2-1: Foul Ball, location: 2F
2-2: Strikes out swinging
Batting: RHB William Hudson 0-0: Called Strike
0-1: Ball
1-1: Ball
2-1: Called Strike
2-2: Ball
3-2: Fly out, F9 (Flyball, 9S)
Batting: RHB Tyler Robinson 0-0: Ball
1-0: Foul Ball, location: 2F
1-1: Ball
2-1: Called Strike
2-2: Ball
3-2: Base on Balls
Batting: LHB Don Harris 0-0: Called Strike
0-1: Ball
1-1: Foul Ball, location: 2F
1-2: Fly out, F8 (Flyball, 8RD)
Bottom of the 5th over - 0 runs, 0 hits, 0 errors, 1 left on base; Penn State 3 - Wake Forest 9
TOP OF THE 6TH
Penn State Nittany Lions batting - Pitching for Wake Forest Demon Deacons : RHP Steve Crowe
Batting: RHB Francisco Alvarado 0-0: Swinging Strike
0-1: Foul Ball, location: 2F
0-2: Ball
1-2: Ball
2-2: Ball
3-2: Strikes out swinging
Pitching: RHP Juan Bustamante
Batting: RHB Jeffrey Ball 0-0: Ball
1-0: Swinging Strike
1-1: Swinging Strike
1-2: Ball
2-2: Foul Ball, location: 2F
2-2: Strikes out swinging
Batting: RHB Greg Coleman 0-0: Called Strike
0-1: Ball
1-1: Ball
2-1: Swinging Strike
2-2: Ball
3-2: Base on Balls
Batting: RHB Steffen Hansen 0-0: Ball
Greg Coleman is caught stealing 2nd base
Top of the 6th over - 0 runs, 0 hits, 0 errors, 0 left on base; Penn State 3 - Wake Forest 9
BOTTOM OF THE 6TH
Wake Forest Demon Deacons batting - Pitching for Penn State Nittany Lions : RHP Bruce Vázquez
Batting: RHB Jack Hogan 0-0: Called Strike
0-1: Ball
1-1: Foul Ball, location: 2F
1-2: Foul Ball, location: 2F
1-2: Ball
2-2: Foul Ball, location: 2F
2-2: Strikes out swinging
Batting: RHB Mike Pope 0-0: Called Strike
0-1: Called Strike
0-2: Foul Ball, location: 2F
0-2: Ball
1-2: Ball
2-2: Strikes out swinging
Batting: RHB Rob Miller 0-0: Called Strike
0-1: Ball
1-1: Swinging Strike
1-2: Ball
2-2: SOLO HOME RUN (Flyball, 78XD), Distance : 369 ft
Batting: RHB Tim Workman 0-0: Called Strike
0-1: Ball
1-1: Ball
2-1: Ball
3-1: Base on Balls
Batting: LHB Nick Smith 0-0: Swinging Strike
0-1: Swinging Strike
0-2: Foul Ball, location: 2F
0-2: Ball
1-2: Ball
2-2: Foul Ball, location: 2F
2-2: Foul Ball, location: 2F
2-2: Strikes out looking
Bottom of the 6th over - 1 run, 1 hit, 0 errors, 1 left on base; Penn State 3 - Wake Forest 10
TOP OF THE 7TH
Penn State Nittany Lions batting - Pitching for Wake Forest Demon Deacons : RHP Juan Bustamante
Batting: RHB Steffen Hansen 0-0: Ball
1-0: Ground out 6-3 (Groundball, 6)
Batting: RHB Lee Cummings 0-0: Ball
1-0: Called Strike
1-1: Called Strike
1-2: Foul Ball, location: 2F
1-2: SOLO HOME RUN (Flyball, 78XD), Distance : 370 ft
Batting: LHB Damian West 0-0: Ball
1-0: Ball
2-0: SINGLE (Flyball, 7S)
Batting: RHB Harlan Hughes 0-0: Called Strike
0-1: Swinging Strike
0-2: Ball
1-2: Strikes out swinging
Batting: LHB Simon Bush 0-0: Fly out, F8 (Flyball, 8LD)
Top of the 7th over - 1 run, 2 hits, 0 errors, 1 left on base; Penn State 4 - Wake Forest 10
BOTTOM OF THE 7TH
Wake Forest Demon Deacons batting - Pitching for Penn State Nittany Lions : RHP Bruce Vázquez
Batting: RHB Leonard Brown 0-0: Called Strike
0-1: Ball
1-1: Called Strike
1-2: Foul Ball, location: 2F
1-2: SINGLE (Line Drive, 89M)
Pitching: RHP José Lazado
Batting: RHB William Hudson 0-0: Swinging Strike
0-1: Swinging Strike
0-2: Ball
1-2: Strikes out looking
Batting: RHB Tyler Robinson 0-0: Ball
1-0: Called Strike
1-1: Foul Ball, location: 2F
1-2: Strikes out swinging
Batting: LHB Don Harris 0-0: Called Strike
0-1: Swinging Strike
0-2: Fly out, F8 (Flyball, 78D)
Bottom of the 7th over - 0 runs, 1 hit, 0 errors, 1 left on base; Penn State 4 - Wake Forest 10
TOP OF THE 8TH
Penn State Nittany Lions batting - Pitching for Wake Forest Demon Deacons : RHP Juan Bustamante
Batting: RHB Eric Gordon 0-0: Ball
1-0: Ball
2-0: Ball
3-0: Base on Balls
Batting: RHB Francisco Alvarado 0-0: Foul Ball, location: 2F
0-1: SINGLE (Line Drive, 56)
Eric Gordon to second
Batting: RHB Jeffrey Ball 0-0: Called Strike
0-1: Foul Ball, location: 2F
0-2: Ball
1-2: Fly out, F3 (Popup, 3SF)
Batting: RHB Greg Coleman 0-0: Foul Ball, location: 2F
0-1: Foul Ball, location: 2F
0-2: Ball
1-2: Fly out, F8 (Flyball, 8LD)
Batting: RHB Steffen Hansen 0-0: Ball
1-0: Ball
2-0: Called Strike
2-1: SINGLE (Groundball, 6MD)
Eric Gordon to third
Francisco Alvarado to second
Runner from 3rd tries for Home, SAFE, throw made home
Batting: RHB Lee Cummings 0-0: Called Strike
0-1: Foul Ball, location: 2F
0-2: Ball
1-2: Ball
2-2: Strikes out swinging
Top of the 8th over - 1 run, 2 hits, 0 errors, 2 left on base; Penn State 5 - Wake Forest 10
BOTTOM OF THE 8TH
Wake Forest Demon Deacons batting - Pitching for Penn State Nittany Lions : RHP José Lazado
Batting: RHB Jack Hogan 0-0: Called Strike
0-1: Called Strike
0-2: Ball
1-2: Foul Ball, location: 2F
1-2: Ball
2-2: Foul Ball, location: 2F
2-2: Ball
3-2: Base on Balls
Batting: RHB Mike Pope 0-0: Ball
1-0: Foul Ball, location: 2F
1-1: Swinging Strike
1-2: Strikes out looking
Batting: RHB Rob Miller 0-0: Ball
1-0: Ball
2-0: Foul Ball, location: 2F
2-1: Ball
3-1: Base on Balls
Jack Hogan to second
Batting: RHB Tim Workman 0-0: DOUBLE (Flyball, 89D)
Jack Hogan scores
Rob Miller to third
Batting: LHB Nick Smith 0-0: Swinging Strike
0-1: Swinging Strike
0-2: Ball
1-2: Ball
2-2: Strikes out swinging
Batting: RHB Leonard Brown 0-0: Ball
1-0: Called Strike
1-1: Called Strike
1-2: Ball
2-2: Strikes out swinging
Bottom of the 8th over - 1 run, 1 hit, 0 errors, 2 left on base; Penn State 5 - Wake Forest 11
TOP OF THE 9TH
Penn State Nittany Lions batting - Pitching for Wake Forest Demon Deacons : RHP Juan Bustamante
Now at SS: Paul Turner
Batting: LHB Damian West 0-0: Fly out, F8 (Line Drive, 8LD)
Batting: RHB Harlan Hughes 0-0: Swinging Strike
0-1: Ball
1-1: Ball
2-1: Ball
3-1: Fly out, F9 (Flyball, 9LD)
Batting: LHB Simon Bush 0-0: Fly out, F7 (Line Drive, 78M)
Top of the 9th over - 0 runs, 0 hits, 0 errors, 0 left on base; Penn State 5 - Wake Forest 11
Saturday, April 7th, 2018 - OOTP Baseball 18.8 Build 76